 Dungeon Crawl Stone Soup version 0.17-a0-1479-g4041c36 (console) character file.

389 utis the Covered (level 6, -4/37 HPs)
             Began as a Tengu Fighter on July 3, 2015.
             Slain by Menkaure (21 damage)
             ... on level 4 of the Dungeon.
             The game lasted 00:09:48 (3565 turns).

utis the Covered (Tengu Fighter)                    Turns: 3565, Time: 00:09:48

Health: -4/37      AC:  8    Str: 16    XL:     6   Next: 79%
Magic:  7/7        EV: 10    Int: 11    God:
Gold:   78         SH:  9    Dex: 13    Spells: 0 memorised, 5 levels left

rFire  . . .     SeeInvis .     a - +0 trident
rCold  + . .     Clarity  .     b - +0 scale mail
rNeg   . . .     SustAt   .     x - +0 shield
rPois  .         Gourm    .     (helmet restricted)
rElec  .         Spirit   .     n - +0 cloak
rCorr  .         Warding  .     (no gloves)
rMut   .         Stasis   .     (boots unavailable)
MR     .....                    (no amulet)
Stlth  ..........               (no ring)
                                p - ring of protection from cold

@: flying quickly and evasively, quick, not resistant to hostile enchantments,
extremely unstealthy
A: beak, talons 3, able to fly 1
a: no special abilities


You were on level 4 of the Dungeon.
You were not hungry.

You visited 1 branch of the dungeon, and saw 4 of its levels.

You collected 78 gold pieces.

Inventory:

Hand weapons
 a - a +0 trident (weapon)
 c - a +0 blowgun
 u - a +1 short sword of venom
Missiles
 q - 62 stones (quivered)
 s - 19 poisoned needles
Armour
 b - a +0 scale mail (worn)
 n - a +0 cloak (worn)
 x - a +0 shield (worn)
Jewellery
 p - a ring of protection from cold (left hand)
 r - a cursed -5 ring of dexterity {unknown}
 v - an uncursed ring of fire
 y - an uncursed ring of poison resistance {unknown}
Scrolls
 f - a scroll of noise {unknown}
 i - a scroll of enchant armour {unknown}
 k - a scroll of blinking {unknown}
 l - a scroll of immolation {unknown}
 t - a scroll of magic mapping {unknown}
 w - a scroll of amnesia {unknown}
Potions
 d - a potion of might
 g - a potion of invisibility
 h - a potion of heal wounds
 m - 4 potions of curing
Comestibles
 e - 4 bread rations
 j - 2 meat rations
 o - 4 chunks of flesh


   Skills:
 - Level 3.0 Fighting
 - Level 5.0 Polearms
 + Level 5.2 Armour
 + Level 3.8 Dodging
 - Level 3.0 Shields


You had 5 spell levels left.
You didn't know any spells.

Dungeon Overview and Level Annotations

Branches:
Dungeon (4/15)
 Temple: D:4-7

Altars:
Dithmenos
Okawaru
Trog
The Shining One

Shops:
D:4 (

Annotations:
D:4 Menkaure


Innate Abilities, Weirdness & Mutations

You have a beak for a mouth.
You have claws for feet.
You can fly.


Message History

Throwing (i - inventory):
q - 62 stones (quivered)
Press: ? - help, Shift-Dir - straight line, f - you
Okay, then.
Unknown command.
You fly downwards.
Level annotation: Menkaure Some of the chunks of flesh in your inventory have rotted away.
There is a stone staircase leading up, spattered with blood here.
Menkaure calls on the powers of darkness!
Your body is wracked with pain!
You puncture Menkaure! You claw Menkaure, but do no damage. You peck Menkaure.
Menkaure is moderately damaged.
Menkaure hits you.
* * * LOW HITPOINT WARNING * * *
Your shield and scale mail prevent you from hitting Menkaure.
You claw Menkaure, but do no damage. You peck Menkaure, but do no damage.
Menkaure is moderately damaged.
Menkaure hits you!!
Ouch! That really hurt!
You die...

. .. .. .▓ ...
....... ▓▓. ....
..... ..▓ ▓ ....
▓.▓▓▓▓▓▓.▓ ...
▓.▓▓<....▓ ..
▓.▓▓.8▓▓▓▓ ▓.▓▓
▓.....▓▓▓▓
▓..▓▓▓.Q8.∩.8.▓
▓▓▓..▓▓.M▓▓▓.▓▓.▓
▓.....▓.▓▓ ▓8▓ ▓
▓.......▓ ▓▓.▓
▓......▓▓▓▓.➘▓
▓......➘➘➘➘.▓▓
▓.....➘▓▓▓▓▓▓
.........[......
......).▓.▓▓▓▓▓▓


You could see Menkaure.

Vanquished Creatures
  A centaur (D:4)
  The ghost of amnekian the Changer, an average OpTm (D:3)
  Terence (D:3)
  2 worker ants (D:4)
  3 gnolls
  4 adders
  A worm (D:3)
  3 giant geckos
  An orc (D:4)
  2 ball pythons (D:2)
  A bat skeleton (D:4)
  A giant cockroach (D:3)
  7 hobgoblins
  6 jackals
  9 kobolds
  2 quokkas
  10 bats
  3 giant newts
  14 goblins
  5 rats
77 creatures vanquished.

Notes
Turn   | Place    | Note
--------------------------------------------------------------
     0 | D:1      | utis the Tengu Fighter began the quest for the Orb.
     0 | D:1      | Reached XP level 1. HP: 14/14 MP: 2/2
   225 | D:1      | Reached XP level 2. HP: 19/19 MP: 3/3
   651 | D:1      | Reached XP level 3. HP: 19/23 MP: 4/4
   937 | D:2      | Reached skill level 4 in Polearms
  1298 | D:2      | Reached XP level 4. HP: 25/28 MP: 5/5
  1413 | D:2      | Found a glowing golden altar of the Shining One.
  1420 | D:2      | Found a bloodstained altar of Trog.
  1503 | D:2      | Found an iron altar of Okawaru.
  1825 | D:3      | Reached skill level 5 in Polearms
  1919 | D:2      | Reached skill level 1 in Dodging
  2147 | D:3      | Gained mutation: You can fly. [Tengu growth]
  2147 | D:3      | Reached XP level 5. HP: 32/32 MP: 6/6
  2272 | D:3      | Found a shadowy altar of Dithmenos.
  2282 | D:3      | Noticed Terence
  2308 | D:3      | Killed Terence
  2360 | D:3      | Noticed amnekian's ghost (average OpTm)
  2381 | D:3      | Killed amnekian's ghost
  2381 | D:3      | Reached XP level 6. HP: 20/37 MP: 4/7
  3063 | D:4      | Found Caebimar's Weapon Boutique.
  3246 | D:4      | Reached skill level 5 in Armour
  3258 | D:4      | Noticed Menkaure
  3565 | D:4      | Slain by Menkaure

Vault maps used:
D:1:      minmay_arrival_five_plusses
D:2:      overflow_temple_1_default, minitemple, minmay_misc_feat_hallway
D:3:      overflow_temple_1_default, first_bread, uniq_terence
D:4:      grunt_temple_overflow_magic_moments, minmay_temple_entry_statues,
          serial_shops, nicolae_shop_statue_plus, uniq_robin, uniq_menkaure

Action                   |  1- 3 |  4- 6 || total
-------------------------+-------+-------++-------
Melee: Trident           |   125 |   182 ||   307
Throw: Stone             |    21 |    18 ||    39
 Abil: Fly               |       |     9 ||     9
  Use: Scroll            |     2 |     2 ||     4
  Eat: Chunk             |     1 |     9 ||    10
